[Event "GambitGuide"]
[Site "Internet Chess Club"]
[Date "2014.10.31"]
[Round "1"]
[White "JSBach"]
[Black "northbrew"]
[Result "1-0"]
[ICCResult "Black resigns"]
[WhiteElo "1679"]
[BlackElo "1713"]
[Opening "Vienna: `Frankenstein-Dracula' variation"]
[ECO "C27"]
[NIC "VG.02"]
[Time "15:21:07"]
[TimeControl "120+12"]

1. e4 e5 2. Nc3 Nf6 3. Bc4 Nxe4 4. Qh5 Nd6 5. Bb3 Nc6 6. Nb5 g6 7. Qf3 f5 8.
Qd5 Qe7 9. Nxc7+ Kd8 10. Nxa8 b6 11. d3 Bb7 12. Nxb6 axb6 13. Qf3 Bg7 14.
Be3 Kc7 15. Bd5 Re8 16. c3 e4 17. dxe4 Nxe4 18. Rd1 Nf6 19. Bc4 Ng4 20. Rd3
Nce5 21. Qg3 Kc8 22. Rd4 Nxe3 23. fxe3 Ng4 24. Rd2 Qxe3+ 25. Ne2 Qxg3+ 26.
hxg3 h5 27. Bf7 Re7 28. Bxg6 Bxg2 29. Rxh5 Bf3 30. Rxf5 Bh6 31. Rxf3 Bxd2+
32. Kxd2 Ne5 33. Rf8+ Kc7 34. Bd3 Nxd3 35. Kxd3 {Black resigns} 1-0

[Event "GambitGuide"]
[Site "Internet Chess Club"]
[Date "2014.10.31"]
[Round "1"]
[White "JSBach"]
[Black "northbrew"]
[Result "1-0"]
[ICCResult "Black resigns"]
[WhiteElo "1679"]
[BlackElo "1713"]
[Opening "Vienna: `Frankenstein-Dracula' variation"]
[ECO "C27"]
[NIC "VG.02"]
[Time "15:24:40"]
[TimeControl "120+12"]

1. e4 e5 2. Nc3 Nf6 3. Bc4 Nxe4 4. Qh5 Nd6 5. Bb3 Nc6 6. Nb5 g6 7. Qf3 f5 8.
Qd5 Qe7 9. Nxc7+ Kd8 10. Nxa8 b6 11. d3 Bb7 12. Nxb6 axb6 13. Qf3 Bg7 14.
Be3 Re8 15. Bxb6+ {Black resigns} 1-0

[Event "GambitGuide"]
[Site "Internet Chess Club"]
[Date "2014.10.31"]
[Round "1"]
[White "JSBach"]
[Black "franco"]
[Result "1-0"]
[ICCResult "Black resigns"]
[WhiteElo "1679"]
[BlackElo "1401"]
[Opening "Vienna: `Frankenstein-Dracula' variation"]
[ECO "C27"]
[NIC "VG.02"]
[Time "15:20:17"]
[TimeControl "120+12"]

1. e4 e5 2. Nc3 Nf6 3. Bc4 Nxe4 4. Qh5 Nd6 5. Bb3 Nc6 6. Nb5 g6 7. Qf3 f5 8.
Qd5 Qe7 9. Nxc7+ Kd8 10. Nxa8 b6 11. d3 Bb7 12. Nxb6 axb6 13. Qf3 Kc7 14. c3
Bg7 15. Bd5 Re8 16. Be3 e4 17. dxe4 Nxe4 18. Rd1 Ne5 19. Qf4 Bxd5 20. Rxd5
Kc6 21. Rd4 Ng4 22. Rb4 Nxe3 23. fxe3 Nc5 24. Ke2 Qf8 25. Nf3 Bh6 26. Ne5+
Kc7 27. Nxg6+ Bxf4 28. Nxf8 Rxf8 29. exf4 Ne4 30. Rd4 Rg8 31. Rg1 h5 32. Rd5
Rf8 33. Rgd1 Nc5 34. b4 Ne4 35. Rxd7+ Kc6 36. R7d3 Ra8 37. Ra1 Ra3 38. c4
Ra4 39. a3 Nd6 40. Rh3 Nxc4 41. Rxh5 Nd6 42. h4 Ra7 43. Kf1 Re7 44. Rc1+ Kb5
45. g4 Rf7 46. g5 Ne4 47. g6 Rg7 48. Rh6 Ng3+ 49. Ke1 Re7+ 50. Kd1 Ka4 51.
Rh7 Re3 52. Ra7+ Kb3 53. g7 Rd3+ 54. Ke1 Rd8 55. Rd1 Rg8 56. Rd3+ Kc4 57.
Rxg3 Kd4 58. Rb7 Ke4 59. Kf2 Kxf4 60. h5 Ke5 61. h6 Kf6 62. h7 Rxg7 63. h8=Q
{Black resigns}
1-0

[Event "GambitGuide"]
[Site "Internet Chess Club"]
[Date "2014.10.31"]
[Round "1"]
[White "JSBach"]
[Black "MojoRising"]
[Result "1-0"]
[ICCResult "Black resigns"]
[WhiteElo "1679"]
[BlackElo "2248"]
[Opening "Vienna: `Frankenstein-Dracula' variation"]
[ECO "C27"]
[NIC "VG.02"]
[Time "15:22:19"]
[TimeControl "120+12"]

1. e4 e5 2. Nc3 Nf6 3. Bc4 Nxe4 4. Qh5 Nd6 5. Bb3 Nc6 6. Nb5 g6 7. Qf3 f5 8.
Qd5 Qe7 9. Nxc7+ Kd8 10. Nxa8 b6 11. d3 Bb7 12. Nxb6 axb6 13. Qf3 Nd4 14.
Qh3 Nxb3 15. axb3 Bg7 16. Be3 Kc7 17. Ra7 Nb5 18. Ra4 Nd4 19. Rc4+ Kb8 20.
Ne2 Nxe2 21. Kxe2 d5 22. Ra4 d4 23. Bd2 e4 24. Re1 exd3+ 25. Kf1 Qf7 26.
Bf4+ Kc8 27. Rc4+ Kd8 28. Bg5+ Bf6 29. Qh4 Rf8 30. Qxd4+ Bd5 31. Qxb6+
{Black resigns}
1-0

[Event "GambitGuide"]
[Site "Internet Chess Club"]
[Date "2014.10.31"]
[Round "1"]
[White "JSBach"]
[Black "chess-caleb"]
[Result "1-0"]
[ICCResult "Black resigns"]
[WhiteElo "1679"]
[BlackElo "1669"]
[Opening "Vienna: `Frankenstein-Dracula' variation"]
[ECO "C27"]
[NIC "VG.02"]
[Time "15:24:49"]
[TimeControl "120+12"]

1. e4 e5 2. Nc3 Nf6 3. Bc4 Nxe4 4. Qh5 Nd6 5. Bb3 Nc6 6. Nb5 g6 7. Qf3 f5 8.
Qd5 Qe7 9. Nxc7+ Kd8 10. Nxa8 b6 11. d3 Bb7 12. Nxb6 axb6 13. Qf3 Nd4 14.
Qg3 f4 15. Qg4 e4 16. Kf1 exd3 17. cxd3 Ba6 18. Qh3 Nxb3 19. axb3 Nf5 20.
Rxa6 {Black resigns} 1-0

[Event "GambitGuide"]
[Site "Internet Chess Club"]
[Date "2014.10.31"]
[Round "1"]
[White "JSBach"]
[Black "demo05"]
[Result "1-0"]
[ICCResult "Black resigns"]
[WhiteElo "1679"]
[BlackElo "2174"]
[Opening "Vienna: `Frankenstein-Dracula' variation"]
[ECO "C27"]
[NIC "VG.02"]
[Time "15:23:26"]
[TimeControl "120+12"]

1. e4 e5 2. Nc3 Nf6 3. Bc4 Nxe4 4. Qh5 Nd6 5. Bb3 Nc6 6. Nb5 g6 7. Qf3 f5 8.
Qd5 Qe7 9. Nxc7+ Kd8 10. Nxa8 b6 11. d3 Bb7 12. Nxb6 axb6 13. Qf3 e4 14.
dxe4 Nd4 15. Qd3 Bg7 16. Bf4 Bxe4 17. Qe3 Nc4 18. Bg5 Bf6 19. Qxd4 Bxg2+ 20.
Ne2 Bxd4 21. Bxe7+ Kxe7 22. Nxd4 Bxh1 23. Bxc4 d5 24. Bb5 Kd6 25. Kd2 Bg2
26. Bc6 Rc8 27. Re1 Kc5 28. Bb7 Rb8 29. Ne6+ Kd6 30. Nf4 Bf3 31. Re6+ Kc5
32. Rc6+ Kb5 33. Rc7 Re8 34. Bc6+ {Black resigns} 1-0

[Event "GambitGuide"]
[Site "Internet Chess Club"]
[Date "2014.10.31"]
[Round "1"]
[White "JSBach"]
[Black "Darienor"]
[Result "0-1"]
[ICCResult "White checkmated"]
[WhiteElo "1679"]
[BlackElo "2708"]
[Opening "Vienna: `Frankenstein-Dracula' variation"]
[ECO "C27"]
[NIC "VG.02"]
[Time "15:24:46"]
[TimeControl "120+12"]

1. e4 e5 2. Nc3 Nf6 3. Bc4 Nxe4 4. Qh5 Nd6 5. Bb3 Nc6 6. Nb5 g6 7. Qf3 f5 8.
Qd5 Qe7 9. Nxc7+ Kd8 10. Nxa8 b6 11. d3 Bb7 12. Nxb6 axb6 13. Qf3 Bg7 14.
Be3 Nd4 15. Qh3 g5 16. Rc1 h5 17. Bxd4 exd4+ 18. Kf1 h4 19. Re1 g4 20. Rxe7
Kxe7 21. Qxg4 fxg4 22. h3 g3 23. f3 Nf5 24. Ne2 Ne3+ 25. Kg1 Rc8 26. Nf4
Nxc2 27. Ng6+ Kf6 28. Nxh4 Ne3 29. Bc4 b5 30. b3 bxc4 31. bxc4 Ra8 32. a4
Rxa4 33. f4 Ra1# {White checkmated} 0-1

[Event "GambitGuide"]
[Site "Internet Chess Club"]
[Date "2014.10.31"]
[Round "1"]
[White "JSBach"]
[Black "chess-caleb"]
[Result "1-0"]
[ICCResult "Black resigns"]
[WhiteElo "1679"]
[BlackElo "1669"]
[Opening "Vienna: `Frankenstein-Dracula' variation"]
[ECO "C27"]
[NIC "VG.02"]
[Time "15:25:27"]
[TimeControl "120+12"]

1. e4 e5 2. Nc3 Nf6 3. Bc4 Nxe4 4. Qh5 Nd6 5. Bb3 Nc6 6. Nb5 g6 7. Qf3 f5 8.
Qd5 Qe7 9. Nxc7+ Kd8 10. Nxa8 b6 11. d3 Bb7 12. Nxb6 axb6 13. Qf3 Nd4 14.
Qg3 f4 15. Qg4 e4 16. Kf1 exd3 17. cxd3 Ba6 18. Qh3 f3 19. gxf3 Bxd3+ 20.
Kg2 Qe1 21. Bg5+ Kc8 22. Rxe1 {Black resigns} 1-0

[Event "GambitGuide"]
[Site "Internet Chess Club"]
[Date "2014.10.31"]
[Round "1"]
[White "JSBach"]
[Black "Darienor"]
[Result "0-1"]
[ICCResult "White checkmated"]
[WhiteElo "1667"]
[BlackElo "2708"]
[Opening "Vienna: `Frankenstein-Dracula' variation"]
[ECO "C27"]
[NIC "VG.02"]
[Time "15:25:49"]
[TimeControl "120+12"]

1. e4 e5 2. Nc3 Nf6 3. Bc4 Nxe4 4. Qh5 Nd6 5. Bb3 Nc6 6. Nb5 g6 7. Qf3 f5 8.
Qd5 Qe7 9. Nxc7+ Kd8 10. Nxa8 b6 11. d3 Bb7 12. Nxb6 axb6 13. Qf3 Bg7 14.
Be3 Nd4 15. Qh3 g5 16. Rc1 h5 17. Bc4 g4 18. Qg3 f4 19. c3 fxg3 20. cxd4
Bxg2 21. dxe5 Qxe5 22. d4 Qa5+ 23. Bd2 Nxc4 24. Bxa5 Nxa5 25. Ne2 Bxh1 26.
fxg3 Re8 27. b4 Bf3 28. Rc2 Rxe2+ 29. Rxe2 Bxe2 30. bxa5 Ba6 31. axb6 Bxd4
32. a4 Bxb6 33. Kd2 Ba5+ 34. Ke3 Ke7 35. Kd4 Ke6 36. Ke3 d5 37. Kd4 Kd6 38.
Ke3 Ke5 39. Kf2 d4 40. h3 Ke4 41. hxg4 hxg4 42. Kg2 Ke3 43. Kh2 Kf3 44. Kg1
Be1 45. a5 d3 46. Kh1 d2 47. Kg1 Bxg3 48. Kh1 d1=Q# {White checkmated} 0-1

[Event "GambitGuide"]
[Site "Internet Chess Club"]
[Date "2014.10.31"]
[Round "1"]
[White "JSBach"]
[Black "DOXDURAN"]
[Result "0-1"]
[ICCResult "White checkmated"]
[WhiteElo "1656"]
[BlackElo "1600"]
[Opening "Vienna: `Frankenstein-Dracula' variation"]
[ECO "C27"]
[NIC "VG.02"]
[Time "15:23:30"]
[TimeControl "120+12"]

1. e4 e5 2. Nc3 Nf6 3. Bc4 Nxe4 4. Qh5 Nd6 5. Bb3 Nc6 6. Nb5 g6 7. Qf3 f5 8.
Qd5 Qe7 9. Nxc7+ Kd8 10. Nxa8 b6 11. d3 Bb7 12. Nxb6 axb6 13. Qf3 Bg7 14.
Be3 Nd4 15. Qh3 f4 16. Bxd4 exd4+ 17. Kf1 Nf5 18. Re1 Qf6 19. Ne2 g5 20. a3
h5 21. a4 g4 22. Bd5 Bxd5 23. Nxf4 gxh3 24. Nxd5 hxg2+ 25. Kxg2 Nh4+ 26. Kf1
Qf3 27. Rg1 Qxd5 28. Rxg7 Qf3 29. Kg1 Rf8 30. Rf1 Qh3 31. f4 Nf3+ 32. Rxf3
Qxf3 33. c3 Rxf4 34. h3 Qf1+ 35. Kh2 Rf2+ 36. Kg3 Rg2+ 37. Kh4 Rxg7 38. cxd4
Qf4+ 39. Kxh5 Qg5# {White checkmated} 0-1

[Event "GambitGuide"]
[Site "Internet Chess Club"]
[Date "2014.10.31"]
[Round "1"]
[White "JSBach"]
[Black "nsideurheadbro"]
[Result "1-0"]
[ICCResult "Black resigns"]
[WhiteElo "1648"]
[BlackElo "1184"]
[Opening "Vienna: `Frankenstein-Dracula' variation"]
[ECO "C27"]
[NIC "VG.02"]
[Time "15:24:32"]
[TimeControl "120+12"]

1. e4 e5 2. Nc3 Nf6 3. Bc4 Nxe4 4. Qh5 Nd6 5. Bb3 Nc6 6. Nb5 g6 7. Qf3 f5 8.
Qd5 Qe7 9. Nxc7+ Kd8 10. Nxa8 b6 11. d3 Bb7 12. Nxb6 axb6 13. Qf3 Nd4 14.
Qg3 f4 15. Qg4 g5 16. Ba4 h5 17. Qd1 b5 18. c3 N4f5 19. f3 bxa4 20. Qxa4 e4
21. dxe4 Nxe4 22. fxe4 Bxe4 23. Qa5+ Ke8 24. Kf2 Qe6 25. Nh3 Rg8 26. Re1 g4
27. Nxf4 Qc6 28. Qe5+ Be7 29. Rxe4 Qb6+ 30. Kf1 Rg5 31. Qh8+ {Black resigns}
1-0

[Event "GambitGuide"]
[Site "Internet Chess Club"]
[Date "2014.10.31"]
[Round "1"]
[White "JSBach"]
[Black "demo05"]
[Result "0-1"]
[ICCResult "White checkmated"]
[WhiteElo "1636"]
[BlackElo "2174"]
[Opening "Vienna: `Frankenstein-Dracula' variation"]
[ECO "C27"]
[NIC "VG.02"]
[Time "15:25:43"]
[TimeControl "120+12"]

1. e4 e5 2. Nc3 Nf6 3. Bc4 Nxe4 4. Qh5 Nd6 5. Bb3 Nc6 6. Nb5 g6 7. Qf3 f5 8.
Qd5 Qe7 9. Nxc7+ Kd8 10. Nxa8 b6 11. d3 Bb7 12. Nxb6 axb6 13. Qf3 Kc7 14.
Bd2 Nd4 15. Qg3 f4 16. Qg4 g5 17. Bb4 h5 18. Bxd6+ Kxd6 19. Qd1 Bxg2 20. c3
Bxh1 21. cxd4 exd4+ 22. Kf1 g4 23. Qd2 Kc7 24. Rc1+ Kb7 25. Ne2 Bh6 26. Nxf4
Rf8 27. Qe2 Qxe2+ 28. Nxe2 Bxc1 29. Nxc1 h4 30. Ne2 Bc6 31. Nxd4 g3 32. f3
Bxf3 33. Kg1 Bc6 34. Bc4 Rf2 35. hxg3 hxg3 36. b4 Rb2 37. Nxc6 dxc6 38. a3
b5 39. Be6 Kc7 40. Kf1 Kd6 41. Bg8 Ke5 42. Kg1 Kf4 43. Bf7 Ke3 44. Be8 Rc2
45. Bg6 Kd4 46. Be4 Rc3 47. Kg2 Rxd3 48. Bxd3 Kxd3 49. Kh3 Kc3 50. Kg2 Kb3
51. Kxg3 Kxa3 52. Kf3 Kxb4 53. Kg2 Kc3 54. Kf3 b4 55. Kf4 b3 56. Ke5 c5 57.
Kd5 c4 58. Ke5 b2 59. Kf5 Kb3 60. Ke5 c3 61. Kd6 c2 62. Kd5 b1=Q 63. Ke5
c1=Q 64. Kd6 Qd2+ 65. Ke5 Qbe1+ 66. Kf5 Qee3 67. Kf6 Qd5 68. Kg6 Qeg5+ 69.
Kh7 Qdg8# {White checkmated} 0-1

[Event "GambitGuide"]
[Site "Internet Chess Club"]
[Date "2014.10.31"]
[Round "1"]
[White "JSBach"]
[Black "MojoRising"]
[Result "0-1"]
[ICCResult "White checkmated"]
[WhiteElo "1636"]
[BlackElo "2248"]
[Opening "Vienna: `Frankenstein-Dracula' variation"]
[ECO "C27"]
[NIC "VG.02"]
[Time "15:25:52"]
[TimeControl "120+12"]

1. e4 e5 2. Nc3 Nf6 3. Bc4 Nxe4 4. Qh5 Nd6 5. Bb3 Nc6 6. Nb5 g6 7. Qf3 f5 8.
Qd5 Qe7 9. Nxc7+ Kd8 10. Nxa8 b6 11. d3 Bb7 12. Nxb6 axb6 13. Qf3 Nd4 14.
Qg3 f4 15. Qg4 Bg7 16. Ba4 b5 17. Bb3 g5 18. Bd2 h5 19. Qh3 g4 20. Ba5+ Kc8
21. c3 Nxb3 22. Bd8 Kxd8 23. Qxh5 Rxh5 24. axb3 e4 25. d4 e3 26. Kf1 Bxg2+
27. Kxg2 Qe4+ 28. Kf1 Qxh1 29. fxe3 Rxh2 30. Ra8+ Kc7 31. Ra7+ Nb7 32. Rxb7+
Kxb7 33. exf4 Qg2+ 34. Ke1 Qxg1# {White checkmated} 0-1

[Event "GambitGuide"]
[Site "Internet Chess Club"]
[Date "2014.10.31"]
[Round "1"]
[White "JSBach"]
[Black "chess-caleb"]
[Result "0-1"]
[ICCResult "White checkmated"]
[WhiteElo "1636"]
[BlackElo "1669"]
[Opening "Vienna: `Frankenstein-Dracula' variation"]
[ECO "C27"]
[NIC "VG.02"]
[Time "15:27:03"]
[TimeControl "120+12"]

1. e4 e5 2. Nc3 Nf6 3. Bc4 Nxe4 4. Qh5 Nd6 5. Bb3 Nc6 6. Nb5 g6 7. Qf3 f5 8.
Qd5 Qe7 9. Nxc7+ Kd8 10. Nxa8 b6 11. d3 Bb7 12. Nxb6 axb6 13. Qf3 Nd4 14.
Qg3 f4 15. Qg4 e4 16. Kf1 exd3 17. cxd3 Ba6 18. Qh3 f3 19. gxf3 Bxd3+ 20.
Kg2 N6f5 21. Bf4 Nh4+ 22. Qxh4 Qxh4 23. Bg3 Qh5 24. Rd1 Nxb3 25. Rxd3 Nc5
26. Re3 Bg7 27. Re2 Re8 28. Bc7+ Kxc7 29. Rxe8 Qg5+ 30. Kf1 Bxb2 31. Re1 Bc3
32. Re8 Ne6 33. Ne2 Bd2 34. Rg1 Qb5 35. Re7 Nd4 36. a4 Qa6 37. Rg4 Nxe2 38.
Rxe2 Qd3 39. Rh4 h6 40. f4 g5 41. fxg5 hxg5 42. Re4 b5 43. h4 gxh4 44. Rxh4
b4 45. Re4 b3 46. Kg2 b2 47. Rb4 Bxb4 48. Rxb2 Qe4+ 49. f3 Qg6+ 50. Kh1 Qh6+
51. Rh2 Qc1+ 52. Kg2 Qd2+ 53. Kh3 Qf4 54. Rc2+ Kb6 55. Rg2 Qxf3+ 56. Rg3
Qxg3+ 57. Kxg3 Ka5 58. Kg4 Kxa4 59. Kf4 d6 60. Ke4 Kb3 61. Kd5 Kc3 62. Ke6
Kd3 63. Kd5 Ke3 64. Ke6 Kd4 65. Kf5 d5 66. Kf6 Kd3 67. Kf5 d4 68. Kg4 Kd2
69. Kf4 d3 70. Ke4 Bc3 71. Kf4 Kd1 72. Ke3 d2 73. Kd3 Kc1 74. Kxc3 d1=Q 75.
Kc4 Qf3 76. Kd4 Kd2 77. Ke5 Qg4 78. Kd5 Qf4 79. Kc5 Qe4 80. Kd6 Qf5 81. Ke7
Qg6 82. Kd7 Qf6 83. Kc7 Qe6 84. Kd8 Qf7 85. Kc8 Qe7 86. Kb8 Qd7 87. Ka8 Kc3
88. Kb8 Kb4 89. Ka8 Ka5 90. Kb8 Kb6 91. Ka8 Qd8# {White checkmated} 0-1

[Event "GambitGuide"]
[Site "Internet Chess Club"]
[Date "2014.10.31"]
[Round "1"]
[White "JSBach"]
[Black "Duguesclin"]
[Result "1-0"]
[ICCResult "Black checkmated"]
[WhiteElo "1636"]
[BlackElo "1455"]
[Opening "Vienna: `Frankenstein-Dracula' variation"]
[ECO "C27"]
[NIC "VG.02"]
[Time "15:27:46"]
[TimeControl "120+12"]

1. e4 e5 2. Nc3 Nf6 3. Bc4 Nxe4 4. Qh5 Nd6 5. Bb3 Nc6 6. Nb5 g6 7. Qf3 f5 8.
Qd5 Qe7 9. Nxc7+ Kd8 10. Nxa8 b6 11. d3 Bb7 12. Nxb6 axb6 13. Qf3 Na5 14.
Qe3 Nxb3 15. Qxb6+ Ke8 16. Qxb3 Bg7 17. Kf1 Qe6 18. Qxe6+ dxe6 19. f3 Kf7
20. a4 Ra8 21. Kf2 Bc6 22. a5 Nb5 23. c3 e4 24. dxe4 fxe4 25. c4 Nd6 26. c5
Nb5 27. Ra2 exf3 28. Nxf3 e5 29. Re1 e4 30. Ng5+ Kf6 31. Nxe4+ Ke5 32. Nc3+
Kd4 33. Re7 Be5 34. Be3+ Kc4 35. Nxb5 Bxb5 36. Rxe5 Kb3 37. Ra1 Kxb2 38.
Bd4+ Kb3 39. Ke3 Kc4 40. Rc1+ Kb4 41. c6 Rc8 42. Rb1+ Kxa5 43. Rexb5+ Ka6
44. Rb6+ Ka7 45. Ra1# {Black checkmated} 1-0

[Event "GambitGuide"]
[Site "Internet Chess Club"]
[Date "2014.10.31"]
[Round "1"]
[White "JSBach"]
[Black "PaddinTon"]
[Result "1-0"]
[ICCResult "Black resigns"]
[WhiteElo "1636"]
[BlackElo "1776"]
[Opening "Vienna: `Frankenstein-Dracula' variation"]
[ECO "C27"]
[NIC "VG.02"]
[Time "15:28:48"]
[TimeControl "120+12"]

1. e4 e5 2. Nc3 Nf6 3. Bc4 Nxe4 4. Qh5 Nd6 5. Bb3 Nc6 6. Nb5 g6 7. Qf3 f5 8.
Qd5 Qe7 9. Nxc7+ Kd8 10. Nxa8 b6 11. d3 Bb7 12. Nxb6 axb6 13. Qf3 Bg7 14.
Be3 Bf6 15. Bxb6+ Ke8 16. Bd5 e4 17. Qe3 exd3 18. Qxe7+ Kxe7 19. cxd3 Nd4
20. Bxd4 Bxd4 21. Bxb7 Nxb7 22. Rb1 Nc5 23. Ke2 Kd6 24. b4 Re8+ 25. Kd2 Na4
26. f3 Nb6 27. a3 Nd5 28. b5 f4 29. Ne2 Be3+ 30. Kd1 Nc3+ 31. Nxc3 Rc8 32.
Ne4+ Ke5 33. b6 Kd4 34. Nd6 Ra8 35. Ke2 Rxa3 36. b7 Ra2+ 37. Ke1 Bf2+ 38.
Kd1 Be3 39. b8=Q Rd2+ 40. Ke1 Rxd3 41. Qb4+ Ke5 42. Qe4+ Kxd6 43. Qxd3+ Bd4
44. Qxd4+ {Black resigns} 1-0

[Event "GambitGuide"]
[Site "Internet Chess Club"]
[Date "2014.10.31"]
[Round "1"]
[White "JSBach"]
[Black "Roaringknights"]
[Result "1-0"]
[ICCResult "Black resigns"]
[WhiteElo "1636"]
[BlackElo "1808"]
[Opening "Vienna: `Frankenstein-Dracula' variation"]
[ECO "C27"]
[NIC "VG.02"]
[Time "15:28:37"]
[TimeControl "120+12"]

1. e4 e5 2. Nc3 Nf6 3. Bc4 Nxe4 4. Qh5 Nd6 5. Bb3 Nc6 6. Nb5 g6 7. Qf3 f5 8.
Qd5 Qe7 9. Nxc7+ Kd8 10. Nxa8 b6 11. d3 Bb7 12. Nxb6 Nd4 13. Bg5 axb6 14.
Bxe7+ Bxe7 15. Qxe5 Re8 16. Kf1 {Black resigns} 1-0

[Event "GambitGuide"]
[Site "Internet Chess Club"]
[Date "2014.10.31"]
[Round "1"]
[White "JSBach"]
[Black "demo05"]
[Result "0-1"]
[ICCResult "White checkmated"]
[WhiteElo "1636"]
[BlackElo "2174"]
[Opening "Vienna: `Frankenstein-Dracula' variation"]
[ECO "C27"]
[NIC "VG.02"]
[Time "15:28:42"]
[TimeControl "120+12"]

1. e4 e5 2. Nc3 Nf6 3. Bc4 Nxe4 4. Qh5 Nd6 5. Bb3 Nc6 6. Nb5 g6 7. Qf3 f5 8.
Qd5 Qe7 9. Nxc7+ Kd8 10. Nxa8 b6 11. d3 Bb7 12. Nxb6 axb6 13. Qf3 Kc7 14.
Be3 f4 15. Bd2 Nd4 16. Qg4 g5 17. Bb4 h5 18. Qd1 Bxg2 19. Bd5 Bxd5 20. f3 g4
21. Qd2 Bxf3 22. Qc3+ Bc6 23. O-O-O Qe6 24. h3 g3 25. Re1 N6b5 26. Qc4 Qxc4
27. dxc4 Bxb4 28. cxb5 Bxh1 29. c3 f3 30. Nxf3 Bxf3 31. Kd2 Bc5 32. b4 Bd6
33. Ke3 Nc2+ 34. Kxf3 Nxe1+ 35. Kxg3 e4+ 36. Kf2 Nd3+ 37. Ke3 Re8 38. a3
Bf4+ 39. Ke2 d5 40. a4 Bg5 41. a5 Nf4+ 42. Ke1 e3 43. c4 e2 44. axb6+ Kxb6
45. c5+ Kxb5 46. Kd2 d4 47. Kc1 Nd5+ 48. Kc2 Nxb4+ 49. Kb3 e1=Q 50. Kb2 Qc1+
51. Kb3 Qc3# {White checkmated} 0-1

[Event "GambitGuide"]
[Site "Internet Chess Club"]
[Date "2014.10.31"]
[Round "1"]
[White "JSBach"]
[Black "Activekids"]
[Result "0-1"]
[ICCResult "White checkmated"]
[WhiteElo "1636"]
[BlackElo "2140"]
[Opening "Vienna: `Frankenstein-Dracula' variation"]
[ECO "C27"]
[NIC "VG.02"]
[Time "15:28:04"]
[TimeControl "120+12"]

1. e4 e5 2. Nc3 Nf6 3. Bc4 Nxe4 4. Qh5 Nd6 5. Bb3 Nc6 6. Nb5 g6 7. Qf3 f5 8.
Qd5 Qe7 9. Nxc7+ Kd8 10. Nxa8 b6 11. d3 Bb7 12. Nxb6 axb6 13. Qf3 Nd4 14.
Qg3 f4 15. Qg4 e4 16. Kf1 exd3 17. cxd3 Ba6 18. Qh3 f3 19. gxf3 Bxd3+ 20.
Kg2 Bg7 21. Be3 N6f5 22. Re1 Rf8 23. Bd2 Nh4+ 24. Kg3 Ndf5+ 25. Kf4 Qd6+ 26.
Re5 Qxe5+ 27. Kg4 h5+ 28. Kg5 Bh6# {White checkmated} 0-1

[Event "GambitGuide"]
[Site "Internet Chess Club"]
[Date "2014.10.31"]
[Round "1"]
[White "JSBach"]
[Black "JoseLL23"]
[Result "0-1"]
[ICCResult "White checkmated"]
[WhiteElo "1636"]
[BlackElo "1601"]
[Opening "Vienna: `Frankenstein-Dracula' variation"]
[ECO "C27"]
[NIC "VG.02"]
[Time "15:23:30"]
[TimeControl "120+12"]

1. e4 e5 2. Nc3 Nf6 3. Bc4 Nxe4 4. Qh5 Nd6 5. Bb3 Nc6 6. Nb5 g6 7. Qf3 f5 8.
Qd5 Qe7 9. Nxc7+ Kd8 10. Nxa8 b6 11. d3 Bb7 12. Nxb6 axb6 13. Qf3 Nd4 14.
Qg3 f4 15. Qg4 g5 16. Bd2 h5 17. Qd1 Bxg2 18. c3 Nc6 19. Bd5 Bxh1 20. Bxh1
e4 21. dxe4 Nxe4 22. Qe2 Nxd2 23. Qxe7+ Kxe7 24. Kxd2 Ne5 25. Bd5 Kd6 26. c4
Kc5 27. b3 Bg7 28. Re1 b5 29. Nh3 bxc4 30. bxc4 Nxc4+ 31. Bxc4 Kxc4 32. Re4+
Kd5 33. Ra4 Bf6 34. Nxg5 Bxg5 35. Ra5+ Ke4 36. Rxg5 Ra8 37. a4 Rxa4 38. Rxh5
Kf3 39. Rc5 Kxf2 40. Rc2 Kf3 41. h4 Kg4 42. Rc7 Rd4+ 43. Kc3 Rd6 44. Rc4 Rf6
45. Rc5 Kxh4 46. Rd5 Rf7 47. Rd4 Kg3 48. Rd6 f3 49. Rd3 Kg2 50. Kd4 f2 51.
Rd2 Kg1 52. Rd1+ f1=Q 53. Rxf1+ Kxf1 54. Ke5 Kf2 55. Kd6 Ke3 56. Ke5 Kd3 57.
Kd6 Kd4 58. Kc7 d5+ 59. Kb6 Kc4 60. Ka5 Rb7 61. Ka6 Rb1 62. Ka5 Kc5 63. Ka4
Kc4 64. Ka3 Kc3 65. Ka4 Kc4 66. Ka3 Rb8 67. Ka2 Kc3 68. Ka1 Kc2 69. Ka2 Ra8#
{White checkmated}
0-1

[Event "GambitGuide"]
[Site "Internet Chess Club"]
[Date "2014.10.31"]
[Round "1"]
[White "JSBach"]
[Black "Roaringknights"]
[Result "1-0"]
[ICCResult "Black resigns"]
[WhiteElo "1636"]
[BlackElo "1808"]
[Opening "Vienna: `Frankenstein-Dracula' variation"]
[ECO "C27"]
[NIC "VG.02"]
[Time "15:30:09"]
[TimeControl "120+12"]

1. e4 e5 2. Nc3 Nf6 3. Bc4 Nxe4 4. Qh5 Nd6 5. Bb3 Nc6 6. Nb5 g6 7. Qf3 f5 8.
Qd5 Qe7 9. Nxc7+ Kd8 10. Nxa8 b6 11. d3 Nb4 12. Qf3 Bb7 13. Qg3 f4 14. Qg4
Bxa8 15. Bd2 Nf5 16. Nf3 Rg8 17. Bxg8 {Black resigns} 1-0

[Event "GambitGuide"]
[Site "Internet Chess Club"]
[Date "2014.10.31"]
[Round "1"]
[White "JSBach"]
[Black "chess-caleb"]
[Result "1-0"]
[ICCResult "Black resigns"]
[WhiteElo "1636"]
[BlackElo "1669"]
[Opening "Vienna: `Frankenstein-Dracula' variation"]
[ECO "C27"]
[NIC "VG.02"]
[Time "15:29:50"]
[TimeControl "120+12"]

1. e4 e5 2. Nc3 Nf6 3. Bc4 Nxe4 4. Qh5 Nd6 5. Bb3 Nc6 6. Nb5 g6 7. Qf3 f5 8.
Qd5 Qe7 9. Nxc7+ Kd8 10. Nxa8 b6 11. d3 Bb7 12. Nxb6 axb6 13. Qf3 Nd4 14.
Qg3 f4 15. Qg4 e4 16. Kf1 exd3 17. cxd3 Ba6 18. Qh3 f3 19. gxf3 Bxd3+ 20.
Kg2 N6f5 21. Bd5 Nh4+ 22. Kg3 Qe5+ 23. Bf4 Ndf5+ 24. Qxf5 Nxf5+ 25. Kg2 Qxf4
26. Be4 Nh4+ 27. Kh3 Be7 28. Bxd3 Nxf3 29. Be2 Nxg1+ 30. Rhxg1 Qxf2 31. Bd3
Qf3+ 32. Rg3 Qf2 33. Rb1 Bd6 34. Rf1 Bxg3 35. Rxf2 Bxf2 36. Be4 Bd4 37. b3
Re8 38. Bf3 Re3 39. Kg2 Rxf3 40. Kxf3 Kc7 41. Ke4 Kd6 42. Kxd4 Kc6 43. b4
Kb5 44. Kc3 h5 45. h4 Ka4 46. Kc4 b5+ 47. Kc5 d6+ 48. Kc6 Kxb4 49. Kxd6 Ka3
50. Kc6 b4 51. Kc5 Ka4 52. Kd6 Ka3 53. Kc5 Ka4 54. Kd6 g5 55. hxg5 h4 56. g6
h3 57. g7 h2 58. g8=Q h1=Q 59. Qe8+ Ka3 60. Qe2 Qh6+ 61. Kd5 Qg5+ 62. Kc6
Qe7 63. Qxe7 {Black resigns} 1-0

[Event "GambitGuide"]
[Site "Internet Chess Club"]
[Date "2014.10.31"]
[Round "1"]
[White "JSBach"]
[Black "nsideurheadbro"]
[Result "1-0"]
[ICCResult "Black resigns"]
[WhiteElo "1636"]
[BlackElo "1184"]
[Opening "Vienna: `Frankenstein-Dracula' variation"]
[ECO "C27"]
[NIC "VG.02"]
[Time "15:28:33"]
[TimeControl "120+12"]

1. e4 e5 2. Nc3 Nf6 3. Bc4 Nxe4 4. Qh5 Nd6 5. Bb3 Nc6 6. Nb5 g6 7. Qf3 f5 8.
Qd5 Qe7 9. Nxc7+ Kd8 10. Nxa8 b6 11. d3 Bb7 12. Nxb6 axb6 13. Qf3 f4 14. Bd2
Bh6 15. Qh3 Nf5 16. Bd5 Qd6 17. c4 Bg7 18. Bc3 Kc7 19. Qg4 Re8 20. Nf3 Ncd4
21. Rc1 e4 22. dxe4 Nxf3+ 23. Qxf3 Nd4 24. Qd3 Bc6 25. Bxd4 Bxd5 26. cxd5+
Kb7 27. Bxg7 {Black resigns} 1-0

[Event "GambitGuide"]
[Site "Internet Chess Club"]
[Date "2014.10.31"]
[Round "1"]
[White "JSBach"]
[Black "bss2005"]
[Result "0-1"]
[ICCResult "White checkmated"]
[WhiteElo "1636"]
[BlackElo "1400"]
[Opening "Vienna: `Frankenstein-Dracula' variation"]
[ECO "C27"]
[NIC "VG.02"]
[Time "15:28:25"]
[TimeControl "120+12"]

1. e4 e5 2. Nc3 Nf6 3. Bc4 Nxe4 4. Qh5 Nd6 5. Bb3 Nc6 6. Nb5 g6 7. Qf3 f5 8.
Qd5 Qe7 9. Nxc7+ Kd8 10. Nxa8 b6 11. d3 Bb7 12. Nxb6 axb6 13. Qf3 Nd4 14.
Qg3 f4 15. Qg4 N6f5 16. Ne2 Nh6 17. Qh3 f3 18. Bxh6 fxg2 19. Rg1 Bxh6 20.
Qxh6 Nf3+ 21. Kd1 Nxg1 22. Nxg1 Qf6 23. Qe3 Rf8 24. Ke1 Qh4 25. Qxb6+ Ke8
26. h3 Qf4 27. a4 Qh2 28. Kd2 Qf4+ 29. Ke1 Rf6 30. Qc5 e4 31. Qd4 e3 32.
Qxf4 Rxf4 33. f3 Bxf3 34. a5 Bh5 35. Nf3 Rxf3 36. Ke2 Rf1+ 37. Kxe3 Rxa1 38.
Kd4 Rxa5 39. c4 g1=Q+ 40. Kc3 Qe1+ 41. Kc2 Bd1+ 42. Kc1 Bxb3# {White
checkmated} 0-1